 Dungeon Crawl Stone Soup version 0.30-a0-702-gdf48620a09 (webtiles) character file.

Game seed: 2949171468185302817

51 bande the Trooper (level 3, -10/24 HPs)
             Began as a Gargoyle Fighter on Jan 22, 2023.
             Mangled by Sigmund
             ... wielding a +4 heavy scythe
              (19 damage)
             ... on level 3 of the Dungeon.
             The game lasted 00:02:15 (1652 turns).

bande the Trooper (Gargoyle Fighter)                Turns: 1652, Time: 00:02:16

Health: -10/24     AC: 10    Str: 19    XL:     3   Next: 83%
Magic:  3/3        EV:  9    Int:  8    God:
Gold:   158        SH:  4    Dex: 11    Spells: 2/2 levels left

rFire   . . .      SeeInvis .    a - +0 war axe
rCold   . . .      Faith    .    c - +0 buckler
rNeg    + . .      Spirit   .    b - +0 scale mail
rPois   ∞          Reflect  .    (no helmet)
rElec   +          Harm     .    (no cloak)
rCorr   .          Rampage  .    (no gloves)
Will    .....                    (no boots) Stlth
                                 (no amulet)
HPRegen 0.24/turn                (no ring)
MPRegen 0.08/turn                (no ring)

@: no status effects
A: sickness immunity, AC +3, negative energy resistance 1, electricity
resistance, torment resistance 1, petrification resistance
a: no special abilities


You were on level 3 of the Dungeon.
You visited 1 branch of the dungeon, and saw 3 of its levels.

You collected 158 gold pieces.

Inventory:

Hand Weapons
 a - a +0 war axe (weapon)
Armour
 b - a +0 scale mail (worn)
 c - a +0 buckler (worn)
Jewellery
 j - a ring of wizardry
 p - a +6 ring of strength
Scrolls
 e - 3 scrolls of identify {unknown}
 f - a scroll of silence {unknown}
 g - 2 scrolls of blinking {unknown}
 i - a scroll of fog {unknown}
 l - 2 scrolls of vulnerability {unknown}
Potions
 d - a potion of might
 h - a potion of degeneration {unknown}
 k - a potion of heal wounds {unknown}
 m - a potion of magic {unknown}
 n - a potion of resistance {unknown}
 o - a potion of curing {unknown}
 q - a potion of attraction {unknown}


   Skills:
 + Level 3.8 Fighting
 + Level 2.8 Axes
 + Level 3.5 Armour
 + Level 0.4 Stealth
 + Level 3.5 Shields


You had 2 spell levels left.
You didn't know any spells.
Your spell library contained the following spells:

 Spells                   Type           Power      Damage    Failure   Level
 Beastly Appendage        Tmut           0%         N/A       86%         1
 Wereblood                Tmut           0%         N/A       94%         2
 Spider Form              Tmut/Pois      0%         N/A       99%         3


Dungeon Overview and Level Annotations

Branches:
Dungeon (3/15)

Altars:

Shops:
D:2 :

Annotations:
D:3 Sigmund


Innate Abilities, Weirdness & Mutations

You are immune to sickness and miasma.
Your stone body is resilient. (AC +3)
You are immune to poison.
You resist negative energy. (rN+)
You are resistant to electric shocks. (rElec)
You are resistant to unholy torment.
You are immune to petrification.


Message History

Sigmund misses you.
A rat comes into view.
You hit the worm but do no damage. The worm barely misses you.
Sigmund barely misses you.
You barely miss the worm. You hit the kobold.
You kill the kobold!
You block the worm's attack.
You slash the worm!
The worm is heavily wounded.
Sigmund hits you from afar with a +4 heavy scythe.
You block the worm's attack.
You hit the worm but do no damage.
The worm is heavily wounded.
You hit the ball python.
The ball python bites you but does no damage.
The ball python grabs you. The ball python constricts you.
The ball python barely misses you. The ball python constricts you.
You block the worm's attack.
Sigmund hits you from afar with a +4 heavy scythe!
Ouch! That really hurt!
You are too injured to fight recklessly!
You are too injured to fight recklessly!
You are too injured to fight recklessly!
You are too injured to fight recklessly!
You are too injured to fight recklessly!
You are too injured to fight recklessly!
You are too injured to fight recklessly!
You are too injured to fight recklessly!
You are too injured to fight recklessly!
The ball python's grasp on you weakens, but your attempt to escape fails.
You block the ball python's attack. The ball python constricts you.
You hit the worm.
The worm is heavily wounded.
You hit the ball python.
You kill the ball python!
You hit the rat but do no damage. The rat barely misses you.
The worm misses you.
Sigmund hits you from afar with a +4 heavy scythe!!
Ouch! That really hurt!
You die...

.....##########.#
.....# ###.##
#...## #....#
##.## #.#..# #.#
#.#..# #.#
##.#.#..# #+#
#.......#
#..#.##.# # #.
#@# #......wr#
.....@.....
.....#.###.#
#...... ...
.....#. #.. ###
.#. .## . #. #


You could see Sigmund, a worm and a rat.

Vanquished Creatures
  A worm (D:2)
  A dart slug (D:1)
  2 bats
  8 endoplasms
  3 giant cockroaches
  6 goblins
  A hobgoblin (D:1)
  3 jackals (D:1)
  5 kobolds
  A quokka (D:1)
  5 ball pythons
  4 rats
40 creatures vanquished.

Notes
Turn   | Place    | Note
-------+----------+-------------------------------------------
     0 | D:1      | bande the Gargoyle Fighter began the quest for the Orb.
     0 | D:1      | Reached XP level 1. HP: 14/14 MP: 1/1
    47 | D:1      | Reached XP level 2. HP: 19/19 MP: 2/2
   521 | D:1      | Reached XP level 3. HP: 24/24 MP: 3/3
  1187 | D:2      | Identified the +2 robe "Aqety" {Will+ Int+4}
  1310 | D:2      | Found Jilus's Book Boutique.
  1643 | D:3      | Noticed Sigmund
  1652 | D:3      | Mangled by Sigmund

Illustrated notes

Levels and vault maps discovered:
D:1:      eino_arrival_water_cross, layout_basic,
          amcnicky_mini_corridor_feature, minmay_misc_feat_cross, st_stairs_4
D:2:      layout_basic, serial_shops, nicolae_shop_crystal
D:3:      layout_loops_corners, mainiacjoe_overflow_catch_the_wave,
          serial_shops, shop, minmay_surrounded, uniq_sigmund

Skill      XL: |  1 |
---------------+----+-----
Axes           | 2 |  2.8
Fighting       | |  3.8
Armour         | |  3.5
Stealth        | |  0.4
Shields        | |  3.5

Action                   || total
-------------------------++-------
Melee: War axe           ||   107
Armor: Scale mail        ||    46
Dodge: Dodged            ||    55
Block: Buckler           ||    24

Table legend: (Time is in decaauts)
 A = Elapsed time spent in this place.
 B = Non-inter-level travel time spent in this place.
 C = Inter-level travel time spent in this place.
 D = Time resting spent in this place.
 E = Time spent auto-exploring this place.
 F = Levels seen in this place.
 G = Mean time per level.
                   A        B        C        D        E       F      G
               +--------+--------+--------+--------+--------+-----+--------+
         Total |   1696 |   1696 |      0 |      0 |   1333 |   3 |  565.3 |
       Dungeon |   1696 |   1696 |      0 |      0 |   1333 |   3 |  565.3 |
               +--------+--------+--------+--------+--------+-----+--------+

Top non-repeatable levels by time:
     D:1: 1028 daAuts
     D:2: 629 daAuts
     D:3: 38 daAuts
